 Dungeon Crawl Stone Soup version 0.30-a0-568-g124715a40b (webtiles) character file.

Game seed: 14326733442797145936

107 bmack86 the Shield-Bearer (level 4, -6/40 HPs)
             Began as a Minotaur Fighter on Dec 28, 2022.
             Mangled by Grinder (8 damage)
             ... while paralysed by Grinder
             ... on level 4 of the Dungeon.
             The game lasted 00:06:22 (2131 turns).

bmack86 the Shield-Bearer (Minotaur Fighter)        Turns: 2131, Time: 00:06:23

Health: -6/40      AC:  8    Str: 23    XL:     4   Next: 57%
Magic:  3/3        EV: -1    Int:  5    God:
Gold:   130        SH:  0    Dex:  9    Spells: 3/3 levels left

rFire   . . .      SeeInvis .    a - +0 war axe
rCold   . . .      Faith    .    c - +0 buckler
rNeg    . . .      Spirit   .    b - +0 scale mail
rPois   .          Reflect  +    (helmet restricted)
rElec   .          Harm     .    i - +0 cloak
rCorr   .          Rampage  .    (no gloves)
Will    .....                    (no boots) Stlth
                                 j - amulet of reflection
HPRegen 0.26/turn                (no ring)
MPRegen 0.08/turn                (no ring)

@: paralysed, constricted
A: horns 2, retaliatory headbutt
a: no special abilities


You were on level 4 of the Dungeon.
You visited 1 branch of the dungeon, and saw 4 of its levels.

You collected 130 gold pieces.

Inventory:

Hand Weapons
 a - a +0 war axe (weapon)
Missiles
 h - 10 silver javelins (quivered)
 k - 8 poisoned darts
 r - 2 silver boomerangs
Armour
 b - a +0 scale mail (worn)
 c - a +0 buckler (worn)
 i - a +0 cloak (worn)
Jewellery
 j - an amulet of reflection (around neck)
Scrolls
 p - a scroll of immolation {unknown}
Potions
 d - a potion of might
 e - a potion of curing
 f - a potion of heal wounds
 g - 3 potions of mutation
 m - 2 potions of degeneration
 n - a potion of lignification
 o - a potion of brilliance


   Skills:
 + Level 4.1 Fighting
 * Level 4.0 Axes
 + Level 1.3 Throwing
 + Level 4.2 Armour
 + Level 4.3 Shields


You had 3 spell levels left.
You didn't know any spells.
Your spell library was empty.

Dungeon Overview and Level Annotations

Branches:
Dungeon (4/15)
 Temple: D:4-7

Altars:
Xom

Annotations:
D:4 Grinder


Innate Abilities, Weirdness & Mutations

You have a pair of horns on your head.
You reflexively headbutt those who attack you in melee.


Message History

Grinder is moderately wounded.
You block Grinder's attack. x2
Sorry, you're not good enough to have a special ability.
You barely miss Grinder.
Grinder is moderately wounded.
A ball python comes into view.
Grinder hits you.
You writhe in agony.
The ball python hisses angrily.
You slash Grinder!
Grinder is heavily wounded.
Grinder hits you but does no damage.
You closely miss Grinder. You headbutt Grinder!
Grinder is almost dead.
Grinder hits you but does no damage. Grinder barely misses you.
You closely miss Grinder. Your headbutt misses Grinder.
Grinder is almost dead.
Grinder hits you but does no damage.
You closely miss Grinder.
Grinder is almost dead.
You closely miss the ball python. The ball python bites you.
The ball python completely misses you. Grinder hits you.
You writhe in agony.
The ball python barely misses you. The ball python grabs you.
The ball python constricts you.
You hit Grinder. Your headbutt misses Grinder.
Grinder is almost dead.
You barely miss the ball python. Grinder hits you!
You writhe in agony.
You block the ball python's attack. The ball python constricts you.
Grinder gestures at you.
You suddenly lose the ability to move!
The ball python bites you but does no damage.
The ball python constricts you.
Grinder says, "Wait up."
Grinder gestures at you. Pain shoots through your body!
* * * LOW HITPOINT WARNING * * *
The ball python bites you but does no damage.
The ball python constricts you.
The ball python bites you but does no damage.
The ball python constricts you. Grinder hits you!
You die...

#......## ....
.......!##.......
.........#.......
.......#.......
..............
#......_.....
##)...........
#<....5...$...
#.....@.......
##....S.##....
#.......# .
#.......#
#.........
#...........
....).........
...........###


You could see Grinder and a ball python.

Vanquished Creatures
  An orc wizard (D:3)
  3 adders (D:3)
  2 worms (D:2)
  3 dart slugs
  8 orcs
  A ball python (D:2)
  4 bats
  2 giant cockroaches
  6 goblins
  A hobgoblin (D:3)
  A quokka (D:2)
  2 frilled lizards
  A kobold (D:1)
  4 rats
39 creatures vanquished.

Notes
Turn   | Place    | Note
-------+----------+-------------------------------------------
     0 | D:1      | bmack86 the Minotaur Fighter began the quest for the Orb.
     0 | D:1      | Reached XP level 1. HP: 19/19 MP: 0/0
   184 | D:1      | Found a faded altar of an unknown god.
   657 | D:2      | Reached XP level 2. HP: 27/27 MP: 1/1
  1255 | D:3      | Reached XP level 3. HP: 26/33 MP: 2/2
  1394 | D:3      | Reached skill level 1 in Throwing
  1666 | D:3      | Reached XP level 4. HP: 40/40 MP: 3/3
  2075 | D:3      | Upgraded the game from 0.30-a0-557-ge2afbf3030 to
                  | 0.30-a0-568-g124715a40b
  2098 | D:4      | Found a shimmering altar of Xom.
  2101 | D:4      | Noticed Grinder
  2103 | D:4      | Paralysed by Grinder for 4 turns
  2114 | D:4      | Paralysed by Grinder for 5 turns
  2129 | D:4      | Paralysed by Grinder for 4 turns
  2130 | D:4      | HP: 2/40 [Grinder/nerve-wracking pain (14)]
  2131 | D:4      | Mangled by Grinder

Illustrated notes

Levels and vault maps discovered:
D:1:      saegor_arrival_simple_c, layout_basic,
          hellmonk_ecumenical_altar_zigzags, serial_corexii_hall,
          corexii_hall_statues_l, corexii_hall_statues_i
D:2:      layout_basic
D:3:      layout_loops_corners
D:4:      minmay_chambers_of_threes, layout_cave_pools,
          brannock_xom_greatest_gift, serial_park_tiny_pond, uniq_grinder

Skill      XL: |  1  2  3  4 |
---------------+-------------+-----
Axes           | 3 4 |  4.0
Shields        | 4 |  4.3
Armour         | 4 |  4.2
Fighting       | 4 |  4.1
Throwing       | 1 |  1.3

Action                   |  1- 3 |  4- 6 || total
-------------------------+-------+-------++-------
Melee: War axe           |    57 |    24 ||    81
       Headbutt          |     2 |     3 ||     5
Throw: Javelin           |    12 |       ||    12
  Use: Scroll            |     3 |     4 ||     7
Armor: Scale mail        |    24 |    28 ||    52
Dodge: Dodged            |    20 |    12 ||    32
Block: Buckler           |    45 |    19 ||    64
       Reflection        |     1 |     5 ||     6

Table legend: (Time is in decaauts)
 A = Elapsed time spent in this place.
 B = Non-inter-level travel time spent in this place.
 C = Inter-level travel time spent in this place.
 D = Time resting spent in this place.
 E = Time spent auto-exploring this place.
 F = Levels seen in this place.
 G = Mean time per level.
                   A        B        C        D        E       F      G
               +--------+--------+--------+--------+--------+-----+--------+
         Total |   2167 |   2098 |     69 |      0 |   1535 |   4 |  541.8 |
       Dungeon |   2167 |   2098 |     69 |      0 |   1535 |   4 |  541.8 |
               +--------+--------+--------+--------+--------+-----+--------+

Top non-repeatable levels by time:
     D:3: 908 daAuts
     D:1: 630 daAuts
     D:2: 594 daAuts
     D:4: 33 daAuts
